 Dungeon Crawl Stone Soup version 0.30.1-9-gdf580d7c3d (webtiles) character file.

Game seed: 2501937738718370519

1225 lonewolfV2 the Blocker (level 8, -6/67 HPs)
             Began as a Formicid Fighter on Oct 21, 2023.
             Mangled by a hornet (9 damage)
             ... on level 6 of the Dungeon.
             The game lasted 00:07:43 (4626 turns).

lonewolfV2 the Blocker (Formicid Fighter)           Turns: 4626, Time: 00:07:43

Health: -6/67      AC: 15    Str: 29    XL:     8   Next: 76%
Magic:  8/8        EV:  7    Int:  8    God:
Gold:   323        SH:  6    Dex: 13    Spells: 7/7 levels left

rFire   . . .        a - +1 war axe (drain)
rCold   . . .        c - +0 buckler
rNeg    . . .        l - +0 plate armour
rPois   .            (helmet unavailable)
rElec   .            (no cloak)
rCorr   .            (no gloves)
SInv    +            f - +1 pair of boots
Will    .....        (no amulet) Stlth
                     e - ring of wizardry
HPRegen 0.31/turn    t - +6 ring of strength
MPRegen 0.11/turn

%: wizardry (x1)
@: lethally poisoned (-6 -> -11), invisible
A: permanent stasis, dig shafts and tunnels, antennae 3, four strong arms
a: Dig, Shaft Self


You were on level 6 of the Dungeon.
You visited 1 branch of the dungeon, and saw 6 of its levels.
You also visited: Sewer.

You collected 323 gold pieces.

Inventory:

Hand Weapons
 a - a +1 war axe of draining (weapon)
Armour
 b - a +0 scale mail
 c - a +0 buckler (worn)
 f - a +1 pair of boots (worn)
 l - a +0 plate armour (worn)
Jewellery
 e - a ring of wizardry (left hand)
 i - a ring of protection from fire
 t - a +6 ring of strength (right hand)
Wands
 j - a wand of polymorph (4)
 s - a wand of digging (3)
 u - a wand of quicksilver (16)
Scrolls
 d - a scroll of identify
 p - a scroll of enchant weapon
 r - a scroll of vulnerability {unknown}
Potions
 g - a potion of mutation {unknown}
 k - 2 potions of degeneration {unknown}
 m - 5 potions of attraction {unknown}
 n - a potion of brilliance {unknown}
 o - a potion of heal wounds {unknown}
 q - a potion of berserk rage {unknown}


   Skills:
 + Level 7.1 Fighting
 - Level 2.0 Axes
 + Level 7.0 Armour
 + Level 8.5 Shields


You had 7 spell levels left.
You didn't know any spells.
Your spell library contained the following spells:

 Spells                   Type           Power      Damage    Failure   Level
 Apportation              Tloc           0%         N/A       85%         1
 Necrotise                Necr           0%         1d4       85%         1
 Summon Small Mammal      Summ           0%         N/A       85%         1
 Ensorcelled Hibernation  Hex/Ice        0%         N/A       92%         2
 Passwall                 Tmut/Erth      0%         N/A       92%         2
 Poisonous Vapours        Pois/Air       0%         N/A       92%         2
 Gell's Gravitas          Tloc           0%         N/A       99%         3
 Mephitic Cloud           Conj/Pois/Air  0%         N/A       99%         3
 Ozocubu's Armour         Ice            0%         N/A       99%         3
 Teleport Other           Tloc           0%         N/A       99%         3
 Animate Dead             Necr           0%         N/A       100%        4
 Agony                    Necr           0%         N/A       100%        5
 Freezing Cloud           Conj/Ice/Air   0%         6-21      100%        5
 Metabolic Englaciation   Hex/Ice        0%         N/A       100%        5
 Dispersal                Tloc           0%         N/A       100%        6
 Simulacrum               Ice/Necr       0%         N/A       100%        6
 Haunt                    Necr/Summ      0%         N/A       100%        7
 Swiftness                Air            Unusable   N/A       N/A         3

Dungeon Overview and Level Annotations

Branches:
Dungeon (6/15)              Sewer (visited)
 Temple: D:4-7

Altars:
Gozag
Kikubaaqudgha
Xom

Shops:
D:2 *   D:3 (?

Annotations:
D:5 3 runed translucent doors, foxicus's ghost, novice HOFi


Innate Abilities, Weirdness & Mutations

You cannot be hasted, slowed, berserked, paralysed or teleported.
You can dig through walls and to a lower floor.
You have a pair of large antennae on your head. (SInv)
Your four strong arms can wield two-handed weapons with a shield.


Message History

You block the hornet's attack.
You fade into invisibility!
You feel sick. The hornet closely misses you. You block the hornet's attack.
Unknown command.
Aiming: Polymorph
Press: ? - help, Q - select action, (/) - cycle Shift-Dir - straight line, f - hornet
Aim: a hornet (lightly wounded, unable to see you, lightly drained, will become an acid dragon, a wind drake, or a meliai, chance to affect: 44%)
The hornet resists with some effort.
You feel sick.
You are no longer poisoned.
The hornet barely misses you.
Aiming: Quicksilver Bolt
Press: ? - help, Q - select action, (/) - cycle Shift-Dir - straight line, f/p - hornet
Aim: a hornet (lightly wounded, unable to see you, lightly drained, 57% to hit)
The bolt of dispelling energy hits the hornet!
The hornet is heavily wounded.
The hornet barely misses you. You block the hornet's attack.
Aiming: Quicksilver Bolt
Press: ? - help, Q - select action, (/) - cycle Shift-Dir - straight line, f/p - hornet
Aim: a hornet (heavily wounded, unable to see you, lightly drained, 57% to hit)
The bolt of dispelling energy misses the hornet.
You block the hornet's attack.
Aiming: Quicksilver Bolt
Press: ? - help, Q - select action, (/) - cycle Shift-Dir - straight line, f/p - hornet
Aim: a hornet (heavily wounded, unable to see you, lightly drained, 57% to hit)
The bolt of dispelling energy hits the hornet.
The hornet is severely wounded.
You block the hornet's attack.
The hornet stings you but does no damage.
You slash the hornet!
The hornet is almost dead.
The hornet stings you.
* * * LOW HITPOINT WARNING * * *
You are lethally poisoned!
Your stasis prevents you from being slowed.
The hornet stings you but does no damage.
You fade further into invisibility.
* * * LOW HITPOINT WARNING * * *
You feel sick. The hornet stings you!
You die...

...# .~~~~....~~~~..
.......# .~~~~....S~~~..
.......# ..~~..[...~~...
.......# ...............
.......# ...............
.......########''#######
##.........#.#..........
...........#.#..y.......
#..........#....@.......
##...###.#####..........
.#.....#.........#######
.#)#.#....#####.##
.#.#.............#
.#.######..####..# .#.#
#####..###..# ##.#
#.......)>..# #.#
#.#########.#


You could see a hornet (unable to see you, drained) and an electric eel (unable
to see you).

Vanquished Creatures
  Pargi (Sewer)
  A sky beast (D:5)
  An ogre (D:6)
  2 phantoms (D:5)
  A centaur (D:6)
  A bullfrog (D:6)
  3 scorpions
  A hound (D:6)
  3 orc priests
  A sleepcap (D:6)
  Terence (D:3)
  An orc wizard (D:5)
  An iguana (D:5)
  4 gnolls
  9 adders
  2 white imps
  2 worms
  A dart slug (D:2)
  25 orcs
  5 bats
  6 endoplasms
  9 giant cockroaches
  8 hobgoblins
  5 jackals
  6 kobolds
  2 quokkas (D:2)
  9 ball pythons
  4 frilled lizards
  8 goblins
  4 rats
127 creatures vanquished.

Notes
Turn   | Place    | Note
-------+----------+-------------------------------------------
     0 | D:1      | lonewolfV2 the Formicid Fighter began the quest for the
                  | Orb.
     0 | D:1      | Reached XP level 1. HP: 18/18 MP: 1/1
   181 | D:1      | Reached XP level 2. HP: 24/24 MP: 2/2
   424 | D:1      | Reached XP level 3. HP: 30/30 MP: 3/3
   869 | D:2      | Found Ziarhioc's General Store.
  1031 | D:2      | Reached XP level 4. HP: 37/37 MP: 4/4
  1058 | D:2      | Found a faded altar of an unknown god.
  1580 | D:3      | Reached skill level 5 in Shields
  1600 | D:3      | Got the Excursus on the Sinister Hornet
  1617 | D:3      | Found Peim's Weapon Emporium.
  1706 | D:3      | Found an ancient bone altar of Kikubaaqudgha.
  1706 | D:3      | Found a shimmering altar of Xom.
  1724 | D:3      | Found a glowing drain.
  1756 | Sewer    | Entered a sewer
  1773 | Sewer    | Reached XP level 5. HP: 39/42 MP: 5/5
  1817 | Sewer    | Noticed Pargi
  1830 | Sewer    | Killed Pargi
  1831 | Sewer    | Reached XP level 6. HP: 42/49 MP: 6/6
  1943 | D:3      | Found Uvvei's Magic Scroll Boutique.
  2104 | D:3      | Noticed Terence
  2111 | D:3      | Killed Terence
  2112 | D:3      | Reached skill level 5 in Fighting
  2112 | D:3      | Reached skill level 5 in Armour
  2112 | D:3      | Reached skill level 6 in Shields
  3304 | D:5      | Entered Level 5 of the Dungeon
  3326 | D:5      | Noticed a sky beast
  3341 | D:5      | Killed a sky beast
  3342 | D:5      | Reached XP level 7. HP: 37/56 MP: 7/7
  3483 | D:5      | Identified the +0 spear "Peum" {heavy, Fly rPois Int+5}
  3549 | D:5      | Reached skill level 7 in Shields
  3643 | D:5      | Found a runed translucent gate.
  3643 | D:5      | Found a runed translucent gate.
  3643 | D:5      | Found a runed translucent gate.
  3650 | D:5      | Found an opulent altar of Gozag.
  3650 | D:5      | Noticed a two-headed ogre
  3651 | D:5      | Noticed foxicus's ghost (novice HOFi)
  3652 | D:5      | Noticed a wraith
  3825 | D:5      | Reached XP level 8. HP: 36/64 MP: 8/8
  4057 | D:6      | HP: 3/65 [white imp (4)]
  4326 | D:6      | Reached skill level 8 in Shields
  4608 | D:6      | Noticed a hornet
  4626 | D:6      | HP: 3/67 [poisoned by a hornet]
  4626 | D:6      | Mangled by a hornet

Illustrated notes

Levels and vault maps discovered:
D:1:      dpeg_arrival_connections, layout_loops_ring
D:2:      layout_basic, hellmonk_ecumenical_altar_blasted, serial_shops, shop,
          due_unseen_surprise
D:3:      minmay_door_path, layout_basic,
          chequers_temple_overflow_statue_of_worship, gup_sewer_entry_glass,
          serial_shops, shop, shop, grunt_ministairs_8, uniq_terence
D:4:      layout_loops_ring, kennysheep_donut, skrybe_limestone_x
D:5:      layout_rooms, ebering_ghost_gozag
D:6:      layout_basic, kennysheep_dice

Skill      XL: |  1  2  3  4  5  6  7  8 |
---------------+-------------------------+-----
Armour         | 4 5 6 7 |  7.0
Fighting       | 4 5 6 7 |  7.1
Shields        | 5 6 7 8 |  8.5
Axes           | |  2.0

Action                     |  1- 3 |  4- 6 |  7- 9 || total
---------------------------+-------+-------+-------++-------
  Melee: War axe           |    75 |   118 |   115 ||   308
  Evoke: Wand              |       |       |     4 ||     4
    Use: Scroll            |     3 |     6 |     1 ||    10
         Potion            |       |       |     6 ||     6
 Armour: Scale mail        |    40 |    56 |       ||    96
         Plate armour      |       |    35 |   120 ||   155
  Dodge: Dodged            |    41 |    58 |    47 ||   146
  Block: Buckler           |    32 |    34 |    57 ||   123
